 Dungeon Crawl Stone Soup version 0.29.0-4-gdea44cf6ec (webtiles) character file.

Game seed: 1057187532489673127

27 qw the Chopper (level 3, -5/21 HPs)
             Began as a Tengu Warper on Aug 28, 2022.
             Slain by a gnoll
             ... wielding a +0 halberd
              (7 damage)
             ... on level 2 of the Dungeon.
             The game lasted 00:00:05 (1152 turns).

qw the Chopper (Tengu Warper)                       Turns: 1152, Time: 00:00:05

Health: -5/21      AC:  8    Str: 13    XL:     3   Next: 10%
Magic:  7/7        EV:  6    Int: 13    God:
Gold:   96         SH:  0    Dex: 13    Spells: 6/6 levels left

rFire   . . .      SeeInvis .   Y - +0 hand axe
rCold   . . .      Faith    .   (no shield)
rNeg    . . .      Spirit   .   e - +0 chain mail
rPois   .          Reflect  .   (helmet restricted)
rElec   .          Harm     .   (no cloak)
rCorr   .          Rampage  .   (no gloves)
Will    .....                   (boots unavailable)
Stlth   ..........              (no amulet)
HPRegen 0.07/turn               (no ring)
MPRegen 0.10/turn               (no ring)

@: no status effects
A: beak, talons 3
a: no special abilities


You were on level 2 of the Dungeon.
You visited 1 branch of the dungeon, and saw 2 of its levels.

You collected 96 gold pieces.


Innate Abilities, Weirdness & Mutations

You have a beak for a mouth.
You have claws for feet.


   Skills:
 - Level 2.0 Fighting
 + Level 3.8 Axes
 - Level 1.0 Throwing
 - Level 1.1 Armour
 - Level 2.1 Dodging
 - Level 2.0 Spellcasting
 - Level 2.4 Translocations


You had 6 spell levels left.
You didn't know any spells.
Your spell library contained the following spells:

 Spells                   Type           Power      Damage    Failure   Level
 Blink                    Tloc           14%        N/A       99%         2
 Gell's Gravitas          Tloc           7%         N/A       100%        3
 Lesser Beckoning         Tloc           7%         N/A       100%        3
 Teleport Other           Tloc           7%         N/A       100%        3
 Manifold Assault         Tloc           7%         N/A       100%        5

Inventory:

Hand Weapons
 d - a +0 whip
 Y - a +0 hand axe (weapon)
Armour
 e - a +0 chain mail (worn)
Potions
 h - a potion of haste {unknown}
 i - a potion of berserk rage {unknown}
 j - a potion of degeneration {unknown}

Dungeon Overview and Level Annotations

Branches:
Dungeon (2/15)

Altars:

Annotations:
D:2 Jessica


Message History

You kill the bat!
You see here a bat corpse.
You now have 96 gold pieces (gained 6).
A gnoll and a quokka come into view.
Found a robe.
A frilled lizard comes into view.
Found a gnarled smoking staff.
The frilled lizard hisses angrily.
You hear a shout!
Jessica the Apprentice Sorceress comes into view.
She is wielding a +0 dagger. 2 gnolls and an endoplasm come into view.
Found 8 gold pieces.
The gnoll shouts! x2
The endoplasm quivers.
The quokka bites you but does no damage.
A gnoll comes into view. It is wielding a +0 flail.
The gnoll hits you but does no damage.
The gnoll shouts!
You hit the gnoll.
The gnoll is lightly wounded.
You closely miss the quokka.
The quokka bites you but does no damage.
The gnoll hits you with a +0 halberd.
The quokka bites you but does no damage.
A quokka comes into view.
You barely miss the gnoll. You peck the gnoll.
The gnoll is moderately wounded.
You completely miss the quokka.
The quokka bites you but does no damage.
You barely miss the gnoll. You peck the gnoll, but do no damage.
Your punch misses the gnoll. You barely miss the quokka.
The gnoll hits you from afar with a +0 halberd!
The quokka bites you.
You closely miss the gnoll. Your kick misses the gnoll.
You peck the gnoll, but do no damage. You hit the quokka. The quokka bites you.
Jessica gestures wildly.
The gnoll barely misses you. The gnoll closely misses you.
The quokka bites you but does no damage.
The gnoll hits you from afar with a +0 halberd!
You die...

..............#
..............#
............|.#
..[............#
........$.r....#
#..........gJ....#
#........@rgg$...#
#........l@#
#..........# ..
#..........# ..#
##..........#...#
#...............#
#.............###
#......%......#
#.............#
#.............#


You could see 3 gnolls, Jessica, an endoplasm, 2 quokkas and a frilled lizard.

Vanquished Creatures
  A gnoll (D:1)
  A dart slug (D:1)
  3 endoplasms
  A goblin (D:1)
  A quokka (D:1)
  4 bats
  3 frilled lizards (D:1)
  2 kobolds (D:1)
  A rat (D:1)
17 creatures vanquished.

Notes
Turn   | Place    | Note
-------+----------+-------------------------------------------
     0 | D:1      | qw the Tengu Warper began the quest for the Orb.
     0 | D:1      | Reached XP level 1. HP: 12/12 MP: 4/4
     0 | D:1      | 0 ||| qw: Version: 0.1-a-89-g26bdef1
     0 | D:1      | 0 ||| qw: Game counter: 429
     0 | D:1      | 0 ||| qw: Always use a shield: true
     0 | D:1      | 0 ||| qw: God list: Okawaru
     0 | D:1      | 0 ||| qw: Allow faded altars: false
     0 | D:1      | 0 ||| qw: Do Orc after D:15 true
     0 | D:1      | 0 ||| qw: Do second Lair branch before Depths: true
     0 | D:1      | 0 ||| qw: Lair rune preference: random
     0 | D:1      | 0 ||| qw: Plans: Normal
     0 | D:1      | 0 ||| PLANNING D:1-11
   248 | D:1      | 248 ||| Stepping ~*~*~tactically~*~*~ (stealth).
   249 | D:1      | 249 ||| Stepping ~*~*~tactically~*~*~ (stealth).
   258 | D:1      | Reached XP level 2. HP: 14/17 MP: 6/6
   314 | D:1      | Reached skill level 3 in Axes
   905 | D:1      | Reached XP level 3. HP: 20/21 MP: 7/7
  1072 | D:1      | 1072 ||| UPGRADING to +0 chain mail.
  1082 | D:1      | 1082 ||| DROPPING +0 leather armour.
  1083 | D:1      | 1083 ||| READING scroll labelled VOICIU CUEPS.
  1084 | D:1      | 1084 ||| READING scroll labelled TERIBO RANYHA.
  1085 | D:1      | 1085 ||| DROPPING scroll of blinking.
  1147 | D:2      | Noticed Jessica
  1151 | D:2      | HP: 5/21 [gnoll/+0 halberd (10)]
  1152 | D:2      | HP: 2/21 [quokka (2)]
  1152 | D:2      | Slain by a gnoll

Levels and vault maps discovered:
D:1:      lightli_arrival_quake, layout_loops_ring
D:2:      layout_basic, basic_altar, uniq_jessica

Skill      XL: |  1  2 |
---------------+-------+-----
Axes           | 3 |  3.8
Fighting       | |  2.0
Throwing       | |  1.0
Armour         | |  1.1
Dodging        | |  2.1
Spellcasting   | |  2.0
Translocations | |  2.4

Action                   || total
-------------------------++-------
Melee: Hand axe          ||    42
       Kick              ||     7
       Peck              ||     8
       Punch             ||     1
Throw: Boomerang         ||     7
  Use: Scroll            ||     2
Armor: Leather armour    ||     7
       Chain mail        ||     8
Dodge: Dodged            ||    20

Table legend:
 A = Non-vault XP
 B = Vault XP
 C = Vault XP percentage of total XP
 D = Non-vault monster count
 E = Vault monster count
 F = Vault count percentage of total count
                 A         B        C        D         E       F
            +---------+---------+-------+---------+---------+-------
      Total |      39 |       0 |   0.0 |      17 |       0 |   0.0
            +---------+---------+-------+---------+---------+-------
        D:1 |      36 |       0 |   0.0 |      15 |       0 |   0.0
        D:2 |       3 |       0 |   0.0 |       2 |       0 |   0.0
            +---------+---------+-------+---------+---------+-------
